 Dungeon Crawl Stone Soup version 0.30.0-29-ga12c61a403 (webtiles) character file.

Game seed: 1398862892511141941

511 Sabo the Gusty (level 6, -2/47 HPs)
             Began as a Draconian Air Elementalist on June 14, 2023.
             Slain by Edmund
             ... wielding a +7 dire flail of holy wrath
              (11 damage)
             ... on level 4 of the Dungeon.
             The game lasted 00:19:24 (3952 turns).

Sabo the Gusty (Draconian Air Elementalist)         Turns: 3952, Time: 00:19:26

Health: -2/47      AC:  6    Str: 10    XL:     6   Next: 99%
Magic:  3/11       EV: 12    Int: 24    God:
Gold:   166        SH:  0    Dex: 11    Spells: 9/12 levels left

rFire   . . .        i - staff of air
rCold   . . .        (no shield)
rNeg    . . .        (body armour unavailable)
rPois   .            (helmet restricted)
rElec   +            (no cloak)
rCorr   .            (no gloves)
SInv    .            (no boots)
Will    .....        (no amulet)
Stlth   ++           g - +6 ring of intelligence
HPRegen 0.27/turn    (no ring)
MPRegen 0.12/turn

%: no passive effects
@: no status effects
A: AC +6, unfitting armour, cold-blooded
a: no special abilities


You were on level 4 of the Dungeon.
You visited 1 branch of the dungeon, and saw 4 of its levels.

You collected 166 gold pieces.

Inventory:

Hand Weapons
 b - a +0 sling
 j - a +0 long sword
Missiles
 h - 5 javelins (quivered)
Magical Staves
 i - a staff of air (weapon)
Jewellery
 g - a +6 ring of intelligence (left hand)
Wands
 a - a wand of flame (7)
Scrolls
 o - a scroll of blinking
 p - a scroll of poison
Potions
 c - a potion of curing
 d - a potion of attraction {unknown}
 f - a potion of haste {unknown}
 k - a potion of ambrosia {unknown}
 m - a potion of invisibility {unknown}
 n - a potion of degeneration {unknown}


   Skills:
 + Level 1.1 Fighting
 + Level 0.1(0.7) Maces & Flails
 + Level 1.1(1.2) Staves
 + Level 2.5 Dodging
 + Level 2.6 Stealth
 + Level 3.9 Spellcasting
 + Level 3.0 Conjurations
 + Level 5.1 Air Magic


You had 9 spell levels left.
You knew the following spells:

 Your Spells              Type           Power      Damage    Failure   Level
a - Shock                 Conj/Air       100%       1d9       1%          1
b - Static Discharge      Conj/Air       72%        2-5/arc   2%          2

Your spell library contained the following spells:

 Spells                   Type           Power      Damage    Failure   Level
 Swiftness                Air            44%        N/A       3%          3
 Airstrike                Air            22%        2d(4-20)  12%         4
 Volatile Blastmotes      Fire/Tloc      8%         2d10      30%         3
 Fulminant Prism          Conj/Hex       5%         3d6       47%         4
 Iskenderun's Mystic Bla  Conj/Tloc      11%        2d4       47%         4
 Lee's Rapid Deconstruct  Erth           2%         3d4*      95%         5


Dungeon Overview and Level Annotations

Branches:
Dungeon (4/15)
 Temple: D:4-7

Altars:
Ashenzari

Shops:
D:1 :

Annotations:
D:4 Edmund


Innate Abilities, Weirdness & Mutations

Your plain brown scales are hard. (AC +6)
You cannot fit into any form of body armour.
You are cold-blooded and may be slowed by cold attacks.


Message History

You feel a surge of power!
The zap hits Edmund.
Edmund is moderately wounded.
Edmund barely misses you.
Unknown command.
Casting: Shock (safe; 1% risk of failure)
Confirm with . or Enter, or press ? or * to list all spells.
Aiming: Shock (safe; 1% risk of failure)
Press: ? - help, Shift-Dir - straight line, f/p - Edmund
Aim: Edmund, wielding a +7 dire flail of holy wrath and wearing a +2 leather armour of cold resistance (moderately wounded, 74% to hit)
You feel a surge of power!
The zap hits Edmund!
Edmund is heavily wounded.
Edmund misses you.
Unknown command.
Casting: Shock (safe; 1% risk of failure)
Confirm with . or Enter, or press ? or * to list all spells.
Aiming: Shock (safe; 1% risk of failure)
Press: ? - help, Shift-Dir - straight line, f/p - Edmund
Aim: Edmund, wielding a +7 dire flail of holy wrath and wearing a +2 leather armour of cold resistance (heavily wounded, 74% to hit)
You feel a surge of power!
The zap hits Edmund.
Edmund is heavily wounded.
Edmund hits you with a +7 dire flail of holy wrath!
Unknown command.
Casting: Shock (safe; 1% risk of failure)
Confirm with . or Enter, or press ? or * to list all spells.
Aiming: Shock (safe; 1% risk of failure)
Press: ? - help, Shift-Dir - straight line, f/p - Edmund
Aim: Edmund, wielding a +7 dire flail of holy wrath and wearing a +2 leather armour of cold resistance (heavily wounded, 74% to hit)
You feel a surge of power!
The zap hits Edmund!
Edmund is severely wounded.
Edmund hits you with a +7 dire flail of holy wrath!!
* * * LOW HITPOINT WARNING * * *
Casting: Shock (safe; 1% risk of failure)
Confirm with . or Enter, or press ? or * to list all spells.
Aiming: Shock (safe; 1% risk of failure)
Press: ? - help, Shift-Dir - straight line, f/p - Edmund
Aim: Edmund, wielding a +7 dire flail of holy wrath and wearing a +2 leather armour of cold resistance (severely wounded, 74% to hit)
You feel a surge of power!
The zap hits Edmund but does no damage.
Edmund is severely wounded.
Edmund hits you with a +7 dire flail of holy wrath!
You die...

#...##.# ##......#
#......##
##.#......#
####..#..#.#.#
#...#..........
####..##........
######..##.....###
#@...........###
#@####.#.##.## #.#
#..... #.# #.#.###
#.# #.#.# ..# #.#
# ..# ..# ..# .##


You could see Edmund.

Vanquished Creatures
  Grinder (D:3)
  Sigmund (D:3)
  Jessica (D:3)
  6 adders
  2 worms (D:2)
  3 dart slugs (D:2)
  An orc (D:3)
  6 endoplasms
  2 giant cockroaches (D:1)
  4 goblins
  11 hobgoblins
  7 jackals
  3 quokkas
  3 ball pythons (D:3)
  4 bats (D:2)
  2 frilled lizards
  5 kobolds
  6 rats
68 creatures vanquished.

Notes
Turn   | Place    | Note
-------+----------+-------------------------------------------
     0 | D:1      | Sabo the Draconian Air Elementalist began the quest for the
                  | Orb.
     0 | D:1      | Reached XP level 1. HP: 14/14 MP: 3/3
   290 | D:1      | Found Juluutas's Book Emporium.
   296 | D:1      | Reached XP level 2. HP: 20/20 MP: 1/5
   777 | D:1      | Found a faded altar of an unknown god.
  1301 | D:2      | Reached XP level 3. HP: 26/26 MP: 1/6
  1768 | D:2      | Reached skill level 4 in Air Magic
  2059 | D:2      | Learned a level 2 spell: Static Discharge
  2232 | D:2      | Reached XP level 4. HP: 28/33 MP: 5/7
  3157 | D:3      | Noticed Jessica
  3165 | D:3      | Killed Jessica
  3166 | D:3      | Reached XP level 5. HP: 28/39 MP: 9/9
  3275 | D:3      | Found a broken altar of Ashenzari.
  3279 | D:3      | Saw a vision of the Swamp and the Snake Pit.
  3279 | D:3      | Noticed a black mamba
  3279 | D:3      | Noticed a naga ritualist
  3279 | D:3      | Noticed a naga warrior
  3279 | D:3      | Noticed a naga mage
  3279 | D:3      | Noticed a naga warrior
  3279 | D:3      | Noticed a black mamba
  3280 | D:3      | Noticed a naga
  3282 | D:3      | Noticed an eleionoma
  3297 | D:3      | Noticed Grinder
  3297 | D:3      | Noticed Sigmund
  3310 | D:3      | Killed Sigmund
  3311 | D:3      | Reached skill level 1 in Fighting
  3311 | D:3      | Reached XP level 6. HP: 46/47 MP: 5/11
  3325 | D:3      | Paralysed by Grinder for 3 turns
  3334 | D:3      | Killed Grinder
  3335 | D:3      | Reached skill level 1 in Staves
  3335 | D:3      | Reached skill level 5 in Air Magic
  3942 | D:4      | Noticed Edmund
  3952 | D:4      | Slain by Edmund

Illustrated notes

Levels and vault maps discovered:
D:1:      dpeg_arrival_water_altar, layout_basic, serial_shops,
          nicolae_book_shop_shelving, hellmonk_ecumenical_altar_crossroads
D:2:      layout_loops_corners
D:3:      layout_rooms, grunt_ashenzari_visionary
          [grunt_ashenzari_visionary_swamp, grunt_ashenzari_visionary_snake],
          lightli_corner_chamber, uniq_sigmund, uniq_jessica, uniq_grinder
D:4:      layout_loops_cross, serial_aquarium, aquarium_bridge_long_separate
          [aquarium_subvault_bridge, aquarium_subvault_bridge,
          aquarium_subvault_wall, aquarium_subvault_balcony,
          aquarium_subvault_wall, aquarium_subvault_bridge],
          aquarium_bridge_square [aquarium_subvault_balcony,
          aquarium_subvault_bridge, aquarium_subvault_bridge,
          aquarium_subvault_bridge], aquarium_window_corner, aquarium_window_2,
          aquarium_window_corridor_3, aquarium_window_fake, aquarium_view_2b,
          aquarium_pool_side, kennysheep_orc_chapel, uniq_menkaure, uniq_edmund

Skill      XL: |  1  2  3  4  5  6 |
---------------+-------------------+-----
Air Magic      | 4 5 |  5.1
Dodging        | 2 |  2.5
Stealth        | 2 |  2.6
Spellcasting   | 3 |  3.9
Fighting       | 1 |  1.1
Conjurations   | 2 3 |  3.0
Staves         | 1 |  1.1
Maces & Flails | |  0.1

Action                     |  1- 3 |  4- 6 || total
---------------------------+-------+-------++-------
  Melee: Unarmed           |     5 |       ||     5
         Whip              |     8 |       ||     8
         Tailslap          |     6 |     4 ||    10
         Punch             |     1 |       ||     1
         Staff             |    20 |    46 ||    66
   Cast: Shock             |    61 |    67 ||   128
    Use: Scroll            |       |     4 ||     4
         Potion            |       |     1 ||     1
 Armour: Skin              |    17 |    23 ||    40
  Dodge: Dodged            |    30 |    29 ||    59
